 Dungeon Crawl Stone Soup version 0.19.1 (webtiles) character file.

67 Nakatomy the Shooter (level 3, 0/30 HPs)
             Began as a Centaur Hunter on Dec 27, 2016.
             Was an Initiate of Fedhas.
             Slain by an orc priest
             ... wielding a +0 war axe
              (5 damage)
             ... on level 2 of the Dungeon.
             The game lasted 00:05:22 (2704 turns).

Nakatomy the Shooter (Centaur Hunter)               Turns: 2704, Time: 00:05:23

Health: 0/30       AC:  4    Str: 14    XL:     3   Next: 98%
Magic:  3/3        EV:  9    Int: 10    God:    Fedhas [......]
Gold:   71         SH:  0    Dex: 10    Spells: 0 memorised, 2 levels left

rFire  . . .     SeeInvis .     a - +1 shortbow
rCold  . . .     Gourm    .     c - +0 leather armour
rNeg   . . .     Faith    .     (shield currently unavailable)
rPois  .         Spirit   .     (no helmet)
rElec  .         Reflect  .     (no cloak)
rCorr  .         Harm     .     (no gloves)
MR     .....                    (no barding)
Stlth  +.........               (no amulet)
                                (no ring)
                                (no ring)

@: very quick
A: hooves 3, deformed body, speed 2, tough skin 3
a: Fungal Bloom, Renounce Religion


You were on level 2 of the Dungeon.
You worshipped Fedhas.
Fedhas was noncommittal.
You were hungry.

You visited 1 branch of the dungeon, and saw 3 of its levels.

You collected 71 gold pieces.

Inventory:

Hand Weapons
 a - a +1 shortbow (weapon)
 b - a +0 short sword
Missiles
 d - 21 arrows (quivered)
Armour
 c - a +0 leather armour (worn)
Scrolls
 e - a scroll of remove curse {unknown}
 j - a scroll of blinking {unknown}
 k - a scroll of recharging {unknown}
 m - 2 scrolls of teleportation {unknown}
 n - a scroll of enchant armour {unknown}
 p - a scroll of fear {unknown}
 q - a scroll of random uselessness {unknown}
 r - 3 scrolls of identify {unknown}
Potions
 i - 2 potions of agility
 l - a potion of lignification {unknown}
 s - a potion of heal wounds {unknown}
Comestibles
 f - 2 bread rations
 g - a slice of pizza
 h - a beef jerky
 o - 4 fruits


   Skills:
 + Level 2.9 Fighting
 * Level 6.8 Bows
 - Level 1.3 Dodging
 - Level 0.4 Stealth


You had 2 spell levels left.
You didn't know any spells.

Dungeon Overview and Level Annotations

Branches:
Dungeon (3/15)

Altars:
Fedhas
Uskayaw


Innate Abilities, Weirdness & Mutations

You have hooves in place of feet.
Armour fits poorly on your strangely shaped body.
You cover ground very quickly.
You have extremely tough skin. (AC +3)


Message History

The orc wizard barely misses you. The orc hits you but does no damage.
Firing (i - inventory):
d - 23 arrows (quivered)
Press: ? - help, Shift-Dir - straight line, f/p - orc priest
Aim: an orc priest, wielding a war axe (heavily wounded)
You shoot an arrow.
The arrow hits the orc priest but does no damage.
The orc priest is heavily wounded.
The orc priest hits you with a war axe!
The orc wizard hits you but does no damage.
The orc hits you with a dagger.
* * * LOW HITPOINT WARNING * * *
Firing (i - inventory):
d - 22 arrows (quivered)
Press: ? - help, Shift-Dir - straight line, f/p - orc priest
Aim: an orc priest, wielding a war axe (heavily wounded)
You shoot an arrow. The arrow hits the orc priest!
The orc priest is almost dead.
The orc wizard hits you but does no damage.
The orc priest hits you with a war axe.
You die...
Fedhas appreciates your contribution to the ecosystem.

...#......)....#.#
#.##.........#.#.#
.................#
#.####...........#####
#........###.........#
..............#..###.#
#..###........#..# #.#
#......<......#o.###.#
....###.......#o@o...#
..............########
#....##.......#
#....##.......#
#....##..#+####
#.#........#
#....#.##### .....#.#
#....#.###


You could see an orc priest, an orc wizard and an orc.

Vanquished Creatures
  2 adders (D:2)
  An ooze (D:2)
  A worm (D:2)
  4 bats
  A bat zombie (D:1)
  2 giant cockroaches
  5 goblins
  8 hobgoblins
  5 kobolds
  A quokka (D:2)
  6 frilled lizards
  A giant cockroach zombie (D:1)
  5 rats
42 creatures vanquished.

Vanquished Creatures (others)
  5 toadstools
5 creatures vanquished.

Grand Total: 47 creatures vanquished

Notes
Turn   | Place    | Note
-------+----------+-------------------------------------------
     0 | D:1      | Nakatomy the Centaur Hunter began the quest for the Orb.
     0 | D:1      | Reached XP level 1. HP: 17/17 MP: 1/1
   260 | D:1      | Reached XP level 2. HP: 16/24 MP: 2/2
  1075 | D:1      | Reached skill level 6 in Bows
  1493 | D:2      | Reached XP level 3. HP: 30/30 MP: 3/3
  1841 | D:2      | Noticed a hand axe
  1842 | D:2      | Noticed a dagger
  1992 | D:2      | Found a blossoming altar of Fedhas.
  2001 | D:2      | Became a worshipper of Fedhas Madash
  2283 | D:2      | Found a hide-covered altar of Uskayaw.
  2704 | D:2      | Slain by an orc priest

Skill      XL: |  1  2 |
---------------+-------+-----
Bows           | 6 |  6.8
Fighting       | |  2.9
Dodging        | |  1.3
Stealth        | |  0.4

Action                   || total
-------------------------++-------
Melee: Short sword       ||   141
       Kick              ||    29
 Fire: Shortbow          ||    32
Invok: Fungal Bloom      ||     3
  Eat: Chunk             ||     2
       Pizza             ||     1
Armor: Leather armour    ||    49
Dodge: Dodged            ||    90
